 Dungeon Crawl Stone Soup version 0.28.0 (webtiles) character file.

Game seed: 5485345009771972468

2648 Nonny the Cruncher (level 9, -2/69 HPs)
             Began as a Vine Stalker Gladiator on Feb 5, 2022.
             Was an Initiate of Qazlal.
             Slain by Erica (11 damage)
             ... on level 8 of the Dungeon on Feb 6, 2022.
             The game lasted 00:59:54 (5939 turns).

Nonny the Cruncher (Vine Stalker Gladiator)         Turns: 5939, Time: 00:59:55

Health: -2/69      AC: 28    Str: 22    XL:     9   Next: 62%
Magic:  0/10       EV:  2    Int:  8    God:    Qazlal [......]
Gold:   329        SH:  0    Dex: 15    Spells: 8/8 levels left

rFire   . . .      SeeInvis .   a - +0 quarterstaff
rCold   . . .      Faith    .   (shield currently unavailable)
rNeg    . . .      Spirit   +   (armour currently unavailable)
rPois   +          Reflect  .   (helmet currently unavailable)
rElec   .          Harm     .   (cloak currently unavailable)
rCorr   .          Rampage  .   (gloves currently unavailable)
Will    ++...      NoTele   +   (boots currently unavailable)
Stlth   ++........              (no amulet)
HPRegen 1.01/turn               h - +4 ring of protection
MPRegen 0.12/turn               m - ring of willpower

@: tree-form, invisible
A: stationary, stasis, torment immunity, boosted hp, (fangs 3), regeneration 1,
magic shield, (antimagic bite), no potion heal 2
a: Renounce Religion


You were on level 8 of the Dungeon.
You worshipped Qazlal.
Qazlal was noncommittal.
You were a tree.
You visited 2 branches of the dungeon, and saw 9 of its levels.

You collected 329 gold pieces.

Inventory:

Hand Weapons
 a - a +0 quarterstaff (weapon)
Missiles
 g - 13 poisoned darts (quivered)
 l - 3 atropa-tipped darts
Armour
 b - a +2 ring mail of cold resistance (melded)
 c - a +2 helmet (melded)
 n - a +0 plate armour
Jewellery
 h - a +4 ring of protection (left branch)
 j - a ring of magical power
 m - a ring of willpower (right branch)
 r - a ring of willpower
Wands
 d - a wand of flame (6)
 v - a wand of iceblast (7)
Scrolls
 q - a scroll of holy word
 s - a scroll of torment {unknown}
 t - a scroll of blinking
 x - a scroll of teleportation
Potions
 e - 4 potions of flight
 i - 4 potions of brilliance
 k - 3 potions of degeneration {unknown}
 o - a potion of curing
 p - a potion of magic {unknown}
 u - a potion of attraction {unknown}
 z - a potion of cancellation {unknown}
 A - a potion of mutation
 B - a potion of might {unknown}
 C - a potion of resistance {unknown}
 D - a potion of ambrosia {unknown}


   Skills:
 + Level 4.8 Fighting
 + Level 9.3 Staves
 - Level 1.7 Throwing
 + Level 4.6 Armour
 - Level 3.0 Dodging
 - Level 3.0 Stealth
 * Level 0.5 Invocations


You had 8 spell levels left.
You didn't know any spells.
Your spell library contained the following spells:

 Spells                   Type           Power      Damage    Failure   Level
 Magic Dart               Conj           0%         1d3       41%         1
 Shock                    Conj/Air       0%         1d3       41%         1
 Call Imp                 Summ           0%         N/A       54%         2
 Gell's Gravitas          Tloc           0%         N/A       78%         3
 Mephitic Cloud           Conj/Pois/Air  0%         N/A       78%         3
 Swiftness                Air            0%         N/A       78%         3
 Teleport Other           Tloc           0%         N/A       78%         3
 Airstrike                Air            0%         N/A       99%         4
 Dispersal                Tloc           0%         N/A       100%        6


Dungeon Overview and Level Annotations

Branches:
Dungeon (8/15)             Temple (1/1) D:4
   Lair: D:8-11

Altars:
Ashenzari
Cheibriados
Dithmenos
Elyvilon
Gozag
Hepliaklqana
Kikubaaqudgha
Makhleb
Nemelex Xobeh
Okawaru
Qazlal
Ru
Sif Muna
Trog
Uskayaw
Vehumet
Wu Jian
Xom
Yredelemnul
Zin
The Shining One

Shops:
D:7 (

Annotations:
D:8 Erica


Innate Abilities, Weirdness & Mutations

You are a tree.
Your roots penetrate the ground, keeping you stationary.
You cannot be teleported.
You are immune to unholy pain and torment.
Your maximum health is greatly increased.
Your equipment is partially melded.
((You have razor-sharp teeth.))
Your natural rate of healing is unusually fast.
When hurt, damage is shared between your health and your magic reserves.
((Your bite disrupts and absorbs the magic of your enemies.))
Potions cannot restore your health.


Message History

Something hits you but does no damage.
Unknown command.
You cannot move.
You cannot move.
You closely miss something. Something hits you but does no damage.
You closely miss something. Something hits you but does no damage.
You sock something! Something hits you. Something burns you.
You barely miss something.
You hear some strange, mumbled words.
A lance of force appears from out of thin air!
The lance of force hits you.
You miss something. You barely miss something. Something hits you!
Something burns you.
You miss something. Something hits you. Something burns you.
You barely miss something. Something hits you but does no damage.
You miss something. Something hits you but does no damage.
You miss something. Something hits you! Something burns you.
You closely miss something. Something hits you! Something burns you.
You closely miss something. You barely miss something.
Something hits you but does no damage.
You hit something but do no damage.
You hear some strange, mumbled words.
A bolt of poison appears from out of thin air!
The bolt of poison hits you. You resist.
You barely miss something. Something hits you! Something burns you.
You miss something. Something hits you!
* * * LOW HITPOINT WARNING * * *
Something burns you.
* * * LOW HITPOINT WARNING * * *
Okay, then.
You thump something! Something hits you but does no damage.
You miss something. You barely miss something. Something hits you!
* * * LOW HITPOINT WARNING * * *
Something burns you.
* * * LOW HITPOINT WARNING * * *
Okay, then.
You fade into invisibility!
Something hits you!
You die...

##############
#.............
#.####........ #.#
#{######. #.# #♣#
#########.####.#
...............#
..........######
..........###########
...................§#
..........###########
+#........#
##########


There were no monsters in sight!

Vanquished Creatures
  Pikel (D:6)
  Edmund (D:4)
  A water moccasin (D:7)
  An orc warrior (D:7)
  2 sky beasts
  An ogre (D:6)
  A necrophage (D:6)
  4 lemures
  2 phantoms
  2 kobold brigands
  A gnoll sergeant (D:7)
  A bullfrog (D:4)
  A scorpion (D:4)
  4 killer bees (D:6)
  A water moccasin skeleton (D:6)
  A howler monkey (D:6)
  A jelly (D:7)
  An orc priest (D:3)
  3 centaur skeletons
  A gnoll shaman (D:6)
  2 bullfrog skeletons
  8 orc wizards
  Natasha (thrice) (D:4)
  A hound zombie (D:5)
  Robin (D:2)
  A howler monkey zombie (D:5)
  11 gnolls
  2 howler monkey skeletons
  5 adders
  2 white imps (D:7)
  A worm (D:3)
  2 dart slugs
  18 orcs
  5 endoplasms
  2 giant cockroaches
  17 goblins
  5 hobgoblins
  13 kobolds
  A quokka (D:1)
  6 ball pythons
  7 bats
  2 frilled lizards
  3 rats (D:2)
149 creatures vanquished.

Notes
Turn   | Place    | Note
-------+----------+-------------------------------------------
     0 | D:1      | Nonny the Vine Stalker Gladiator began the quest for the
                  | Orb.
     0 | D:1      | Reached XP level 1. HP: 11/11 MP: 2/2
    46 | D:1      | Starting vault: two oval chambers, larger one with center
                  | statue and many stones.
    86 | D:1      | +0 buckler
   330 | D:1      | Reached skill level 3 in Staves
   330 | D:1      | Reached skill level 1 in Stealth
   411 | D:1      | It's a 4way floor.
   431 | D:1      | Reached XP level 2. HP: 15/15 MP: 3/3
   527 | D:1      | 3 poisoned darts in top left quadrant.
   612 | D:1      | Staff of fire in top left quadrant, near downstairs.
   826 | D:1      | 4 more poison darts in top right quadrant.
   887 | D:1      | Upstairs are all on the top half of the floor.
   887 | D:1      | Passwall or digging is the fastest way to reach the dungeon
                  | exit. Otherwise, it's a long walk around the floor.
   902 | D:2      | All three downstairs of the first floor lead into the same
                  | little chamber vault.
   902 | D:2      | Said room has a bat and a kobold with a dagger.
   937 | D:2      | There-And-Back Book south of D:2 entrance.
   947 | D:2      | Reached XP level 3. HP: 18/18 MP: 4/4
  1018 | D:2      | Orc wizard to the north of the entrance area.
  1039 | D:2      | One orc behind him has a +1 draining short sword.
  1133 | D:2      | UPPULEY GENWES - vulnerability
  1172 | D:2      | XENKER UJITE - teleport
  1195 | D:2      | ZUAJASIRGHI - enchant armour
  1257 | D:2      | +4 ring of protection
  1289 | D:2      | Gained mutation: Your natural rate of healing is unusually
                  | fast. [Vine Stalker growth]
  1289 | D:2      | Reached XP level 4. HP: 12/23 MP: 3/5
  1417 | D:2      | Kobold with +3 dagger of holy wrath
  1435 | D:2      | Noticed Robin
  1436 | D:2      | Robin in northeast area.
  1473 | D:2      | Reached skill level 4 in Staves
  1505 | D:2      | She has a +2 dagger of draining.
  1513 | D:2      | Killed Robin
  1547 | D:2      | plate armour
  1550 | D:2      | ring of magical power
  1555 | D:2      | 4 atropa darts
  1584 | D:2      | ring of willpower
  1723 | D:2      | D:2 is a rather open floor.
  1723 | D:2      | Two of the stairs are a fair distance from the upstairs,
                  | and the third on the other corner of the floor.
  1723 | D:2      | Passwall can help here too with accessing the upstairs
                  | faster, but could be risky.
  1724 | D:3      | Noticed a sky beast
  1725 | D:3      | The top left stairs of D:2 lead to this monster.
  1726 | D:3      | WUOQOE IXIA - magic mapping
  1744 | D:2      | The uphatch of D:3 leads to the same area as the nearby
                  | stairs.
  1778 | D:3      | The closest stairs of D:2 lead to the bottom left of D:3.
  1813 | D:3      | Reached XP level 5. HP: 24/24 MP: 6/6
  1972 | D:3      | First orc priest slain.
  2062 | D:3      | Blue potion in long western hallway
  2126 | D:3      | Killed a sky beast
  2127 | D:3      | Reached skill level 5 in Staves
  2127 | D:3      | Reached XP level 6. HP: 32/32 MP: 7/7
  2224 | D:3      | Second ring of willpower in northeast.
  2227 | D:3      | Found a faded altar of an unknown god.
  2306 | D:3      | If you want a halberd this early, there is a gnoll with a
                  | halberd that spawns on this floor in the southwest area.
  2341 | D:4      | FAOXACW NAKK - identify
  2341 | D:4      | blue potion - brilliance
  2383 | D:4      | Noticed a sky beast
  2400 | D:4      | Reached skill level 1 in Armour
  2411 | D:4      | Killed a sky beast
  2412 | D:4      | Reached XP level 7. HP: 35/35 MP: 8/8
  2449 | D:4      | Found an ancient bone altar of Kikubaaqudgha.
  2449 | D:4      | Noticed Edmund
  2488 | D:4      | Edmund has a +2 vorpal dire flail.
  2562 | D:4      | Killed Edmund
  2563 | D:4      | Reached skill level 6 in Staves
  2578 | D:4      | Found a staircase to the Ecumenical Temple.
  2589 | D:4      | Quarterstaff next to temple entrance.
  2589 | D:4      | I'm not even sure if there's a vault for the entrance
                  | beyond the entrance itself.
  2590 | Temple   | Entered the Ecumenical Temple
  2731 | Temple   | Temple: Marble hallways.
  2773 | Temple   | Not yet appeared: Fedhas, Ru, Xom, Wu Jian, Qazlal
  2806 | D:4      | Kiku altar vault: lava chamber!
  2895 | D:4      | Noticed Natasha
  2902 | D:4      | Killed Natasha
  2917 | D:4      | bubbling red potion - flight
  2957 | D:4      | Noticed Natasha
  2968 | D:4      | Killed Natasha
  2972 | D:4      | Natasha seems to initially be in the southwest.
  3007 | D:4      | red potion - curing
  3083 | D:4      | Noticed Natasha
  3110 | D:4      | Killed Natasha
  3138 | D:4      | Pretty open floor, but a bit less than D:2.
  3138 | D:4      | Brown rock walls.
  3157 | D:4      | fizzy blue potion - invisibility
  3158 | D:5      | Entered Level 5 of the Dungeon
  3282 | D:5      | Alarm trap in looping hallway near howler monkey skeleton.
  3282 | D:5      | This hallway is nearby two of the upstairs.
  3666 | D:5      | Gained mutation: You have razor-sharp teeth. [Vine Stalker
                  | growth]
  3666 | D:5      | Reached XP level 8. HP: 14/40 MP: 2/9
  3710 | D:5      | Kobold band in the east has two electrical whips, including
                  | one on a kobold brigand.
  3757 | D:5      | Book of minor magic
  4021 | D:5      | Phantom in eastern area.
  4127 | D:5      | Antimagic long sword.
  4127 | D:5      | Aside from the mentioned enemies, there's a few zombies and
                  | skeletons running around. A rather empty floor.
  4127 | D:5      | It has two lines of deep water with nearby little pools of
                  | water. What are these vaults? I'll find out...
  4164 | D:6      | VORCHO ZAAF - holy word
  4191 | D:5      | D:6 uphatch seems okay for the escape.
  4212 | D:6      | Necrophage.
  4215 | D:6      | Reached skill level 7 in Staves
  4450 | D:6      | D:6 has some elaborate stone wall vault.
  4450 | D:6      | All of its upstairs and the uphatch are in the southernmost
                  | area, spread about.
  4450 | D:6      | Noticed Pikel
  4681 | D:6      | Amulet of guardian spirit in eastern hallway.
  4755 | D:6      | Found a shimmering altar of Xom.
  4759 | D:6      | Wacky Xom vault.
  5033 | D:6      | Killed Pikel
  5034 | D:6      | Reached skill level 8 in Staves
  5034 | D:6      | Reached XP level 9. HP: 28/45 MP: 6/10
  5041 | D:6      | Pikel carries a wand of flame.
  5189 | D:6      | This floor has gnoll and orc groups, including a gnoll
                  | shaman for one gnoll group. One orc group has multiple
                  | wizards.
  5216 | D:6      | fizzy yellow potion - lignification
  5217 | D:6      | yellow potion - mutation
  5220 | D:7      | ZUIHOK WOTUQAU - fear
  5300 | D:7      | +2 ring mail of cold resistance
  5345 | D:7      | rapier
  5354 | D:7      | First ogre.
  5360 | D:6      | First ogre slain with ease.
  5399 | D:6      | Oh yeah. There are killer bees on D:6 too!
  5418 | D:6      | Reached skill level 9 in Staves
  5501 | D:7      | Found a sacrificial altar of Ru.
  5503 | D:7      | Great mace before Ru bloody lava hallway vault.
  5576 | D:7      | Found Lezuss's Antique Weapon Shop.
  5594 | D:7      | Vampire's Tooth in the shop
  5594 | D:7      | for 1620 gold
  5594 | D:7      | Glowing dire flail for 169 gold is the one other
                  | interesting thing in there.
  5594 | D:7      | *189
  5669 | D:7      | Found a stormy altar of Qazlal.
  5670 | D:7      | Found an ornate altar of the Wu Jian Council.
  5671 | D:7      | First orc warrior in altars vault.
  5721 | D:7      | Became a worshipper of Qazlal Stormbringer
  5739 | D:7      | Gnoll sergeant.
  5900 | D:8      | DIPERU HINTELI - blinking
  5913 | D:8      | Noticed Erica
  5939 | D:8      | Slain by Erica

Illustrated notes ####### ##.....## #...<...# ########.....## #......###'### #@######.((.(### #...##(.((((((.### #.#.'...((8(((..'. ...####((((((.(.##. #.#.# ###(((((###.. ..#..# ####### ### #.# #.. ### #. ..# #.. # ## #.# Turn 46 on D:1: Starting vault: two oval chambers, larger one with center statue and many stones. #.# #..# #.# #..# #.###### #+## ...# #......######...## #.## ###........#.....# #.# #................ #.# ##.....##......... ................... ###.....##.@....... #....###......... #..#.# #..#...... #..#. #..##...#. #. .. ...# #+## ## #. ##### Turn 86 on D:1: +0 buckler #.# # #.# # #.# # ######.### #. #........# #. ##+## #.####.#.# #. ##...## #.# #.#.# #.#### ##.....## #.####.#.# #..#.## ##....(@.###.##...#.# #....####.........##.#...##.#### #.......'.........'............. #....####.........##.#...##.#### ##.#.## ##.......###........# #...## ##.....#######.##### #...# ##...## #..)......# #...# #######'### #.###.###.# ###.# #.........# #.# #.# #.# Turn 411 on D:1: It's a 4way floor. ##.......+ #........# #..#.# #....# #.##.# #.##.###.##### #...J....#......# # ####S#####.###..##.#. #@###.........#... #................. #####.#.#.....##.. #.#.#.....#... #.#.#......... #...........## ######..##..#. ##.#..... #....... Turn 527 on D:1: 3 poisoned darts in top left quadrant. #.........###.###### ########.##### #.# #........# #.# #.######.# ##'## #.######.# ##.>.## #.##.....# ##.....## #.##.#.#.# ##.......## #........###.........# ####.......'..@......+ #........#..†........ #..#.###.##.[.....#.. #....# #.###.....###. #.##.# #.# ##...## #.##.###.#####+## #........#......# # ..# ####†#####.###..##.#.... #.###.........#..... .##.. Turn 612 on D:1: Staff of fire in top left quadrant, near downstairs. ...###(.#......##...# ##.###....##.#.###.## ##.##.....##.#.###.## ##...........#.##...# ........#.####.##...### .#####..#.# #........# ........#.####........# .######+#.............# .# ##...#######@...### .# ##.....## #....# .###.......## #..### ..#.........# #... ..'.........+ ..... #.#.........# #...#. #.##.......## ##.##.# #.###.....## ## # #.# ##...## Turn 826 on D:1: 4 more poison darts in top right quadrant. ####.# #.##....# ##.....## #.##.# ###.##.#..###.......## ...#.#####..(.......#.........### ......>.............'.........'.. ...#.#####........#.#.........### ..##.# #......###.##.......## .....# #......# #.###.....## .....# ###.##.###.# ##...## ##...# #.##.@...# ##'## #...### #.######## #.# ......# #.# ### #.####### ..##..# #.# ###.####.#...... #.#...### #.# #..........##### ........# #.#####..........# ....##..# #...........#...## ##..#...# #######.....##.## #.....### #..####### Turn 887 on D:1: Upstairs are all on the top half of the floor. ##### ##...## ##8.<.8## #.......# +..@8.<.# #.......# ##8.<.8## ##...## ##### Turn 902 on D:2: All three downstairs of the first floor lead into the same little chamber vault. #.##8.<.8##......... #.#.......#......... #.'..)8.<.#......... ###.......#......... ##8.<.8##......... ##...##.......... #####........... ##.............. #..@........... #.............. #.............. #.............. #............. #............ #........... #.......... Turn 937 on D:2: There-And-Back Book south of D:2 entrance. . .#...# ..# .?..... ...#...o... #. #+#.#>...... .... #.#.......####.... ...#.#........... ###'#.....)....). . #...@...#......##+##. #.................... #.......#............ ####.......##........... #####.........####.......... #.............# ####....... #.###.........# #....... #.# #####.....#######....... #.###...##..†..............# Turn 1018 on D:2: Orc wizard to the north of the entrance area. ###'#o....) #.......#.. #.......... #.......#.. ####.......##. #####.........#### #...o.........# # #o###.........# #@# #####.....#### #.###...##..†..... #.##8.<.8##....... #.#.......#....... #.'..)8.<.#....... ###.......#....... ##8.<.8##....... ##...##........ #####......... Turn 1039 on D:2: One orc behind him has a +1 draining short sword. ####.......##.... #####.........####... #))...........# #### #)###.........# # #.# #####.....####### #.###...##..†........ #.##8.<.8##.......... #.#.......#.......... #.+.@)8.<.#.......... ###.......#.......... ##8.<.8##.......... ##...##........... #####............ ##............... #................ #..............#. #..............#. Turn 1133 on D:2: UPPULEY GENWES - vulnerability #))...........# ####.. #)###.........# #.. #.# #####.....#######.. #.###...##..÷.......... #.##8.<.8##............ #.#.......#†........... #.'..)8.<.#............ ###.......#............ ##8.@.8##............ ##...##............. #####.............. ##................. #.................. #..............#... #..............#... #..............#... #..............#... Turn 1172 on D:2: XENKER UJITE - teleport ####.......##........ #####.........####....... #))...........# ####.... #)###.........# #.... #.# #####.....#######.... #.###...##..÷............ #.##8.<.8##.............. #.#.......#†...........#) #.'..)8.@.#............#. ###.......#.............. ##8.<.8##.............. ##...##............... #####...............# ##..................# #...................# #..............#..... #..............#..... Turn 1195 on D:2: ZUAJASIRGHI - enchant armour .....##.............. .....''............. ... .....##...........# ..# ....#####........## ...# ....# #..........+..... ....####..........#....# ..............#+#......# ....................#... ................@....... ........................ #....................... #.#...##.........$..##.# #..............####... # #..........#.... #... #>.............. .... ......####..... ... #.#........... Turn 1257 on D:2: +4 ring of protection ######### #.......# #.##.##.# #....##.# ###########....# ...............#######.. ................@....... ..........#....####..K.. #........##....#### ... ..........'.......# .. ..........#....##.# ... ......#'#......##.###... ............#...#...... .....................# .....................# Turn 1417 on D:2: Kobold with +3 dagger of holy wrath ##### ....# .##.# .##.# ## ....# ####### ..# ....#######.....##g..### ................@gg.g... ....####..).....##ggg... ....####.#......# ..g.. .......#.##...†.# .g.. ....##.#........+ ... ....##.###......# .. .#...#..........+ . ..........#.....# ..........#...... Turn 1436 on D:2: Robin in northeast area. ##### ########...# ######.....##...###### .........).')......... ###..).....##......#### ###.#......##.........## ..#.##...†.##........... #.#........''..†........ #.###......##...@....... #..........''.......g... .....#.....##...##...... .....#.................. .....#.................. '########.........###.#. .#####.......####.# ... ............. .. #. ........ ... Turn 1505 on D:2: She has a +2 dagger of draining. ..''..............# ..##...##.........# ..................## ...................# .........###.#.....# ....####.#.....###.# .... ....###.# #.# ... #.#(.##.## ... #...@...# ).. ....)...##.# ... ...##.=#[#.# ... . #[#. ##.# ... ###. ..# ... .. #.# ... .. ..# ..# J.. .## ### . Turn 1547 on D:2: plate armour ...................## ....................# #.........###.#.....# .....####.#.....###.# ..... ....###.#(#.# ... # #.#(.##.## .... ...##...[...# .).. .....)...##.# .... ....##.@#[#.# .... .. #[#.###.# .... ###.. ..# .... ..#+#.# .... ... ..# ...# .... .## #### .... . #### ...... .... Turn 1550 on D:2: ring of magical power ..''..†...).......# ..##......).......# ..''..............# ..##...##.........# ..................## ...................# .........###.#.....# ....####.#.....###.# .... ....###.#@#.# ... # #.#(.##.## ... ...##...[...# ).. .....)...##.# ... ....##..#[#.# ... S.. #[#.###.# ... .. ###.. ..# ... = ..#+#.# ... ... ..# Turn 1555 on D:2: 4 atropa darts #####.......####.#.....###.# ...................###.#.#.# ................#..#.#(.##.## ......#............##...[...# ......#.)............)...##.# .##...............†.##..#[#.# .##.............†...#[#.###.# ....................###.....# ..#.#...........@.......#+#.# #.#...................... ..# #.#.......##.....#....... .## #.#...######.....#....... . #.'...######.....#........ ..#..............#...... ..'..............# #### ..#..............# ........... Turn 1584 on D:2: ring of willpower ##### #####...# ...##...########## .).')...........@# ...##......#####.# ...##.........##'### .†.##....).........# ...''..†...).......# ...##......).......# ...''..............# ...##...##.........# ...................## Turn 1723 on D:2: D:2 is a rather open floor. ### .. ### #. ..$ # #)# #.# ###.#.Y###.# ........#.. ###......# .......@.# #.#.....## ##....# ##.#.# ....# #..... ## ... .... Turn 1725 on D:3: The top left stairs of D:2 lead to this monster. ********** *###**,,,,,,,,* *,..,,,*,*###,* ******** *,#.,*,,,..$*,* ,,,,,,,* #,#)#***#.#,*,******** ,*****,**###.#..###.#*,*,,,,,,,,* ,* *,,,.......Y#..**,*,,,,,**,* ,* **,*,###......#,*,,,*,**,**,* >* *,***.......@.#,,,,,,,,,,,,,, ,* **,*,#.#.....##**,,,*,**,**,, ,* **,**,##....# **,**,**,**,, ,* ***,**,*##.#.# *,**,,,,,,,, ,****,,,,,,,,....#****,*****,***, ,,,,,,,,**,*#.....<,,,,* *,* *, *****,*,**,*##,...,,,,,*****,***, * *,*,**,<,,....,,,,,,,,,,,,,,, * *,*,******,,,*****,,,,,,,,,,, Turn 1726 on D:3: WUOQOE IXIA - magic mapping ..........##.........'........... ..........##[........#........... ......#)......................... ......#.......................#.. ................................. ................................. .................###............. .......##........##.............. .......##.......@''.......#...... .......##........##....##......## ..#.......##....#.......#......## ..#.............#.#.....#........ ..#.............#.#.............. ..#.............#.#######........ ..#####...#'#.....# ####........ ..# #...#...###.####..'........ ..# #...###.# #...##.##........ Turn 1744 on D:2: The uphatch of D:3 leads to the same area as the nearby stairs. *,#..#.#.#.# *,* *,*....#.#.##*,* *,*#....>...,,,* *,*#..#....#**** *,*#..#....## ********#.##........# ,,,,,,,,............# ,*******,####....<..# ,* *,* ###.@.### ,*******,*****#...# *,,,,,,,,,,,,....## ,,,,,,,,,,**###### *********** * * Turn 1778 on D:3: The closest stairs of D:2 lead to the bottom left of D:3. *,* #.#.## *,* ##....# ******** *,* #.....#***^,,,,,** *,* #####.....#,,,,,,,,,,, *,* #...#).####..,,,,,,**# *,* #.#..).......,*,*,,* # *,* #..)#).#####.,,>,,,**# *,**** ##.##..# *,,*,*,,,*# *,,,,* #.##@## *,,,,,,,,,. ****,* #...†# *,,,,,,,**# *,* ###..########****** # *,* #.....)....# ##### *,* #...######.#####.... *,* #....).>........#.## *,* #....#####.###.###.# *,* #....### #....## ##. *,* #......###.###.###.# Turn 1972 on D:3: First orc priest slain. *,,,,,,,,,,,,,,,,,, *...*********,,**** *#.#* *,,* #.# *,,* * #.# *,>* * #.# *,,* * #.# *,,* #.# *,,* * #@###### *,,**** #......# *,,,,,, ######.# *,***** #.# *,* * #.# ***,* * ###.# *,,,* * #...# *,*** * #.### *,* * #.# *,* *** Turn 2062 on D:3: Blue potion in long western hallway ########## ##........# ...#.####.# .#......#.# #####.#.#.######## .###.##.#........# **** ..#..##.#.....##.# *,,** ...#.#...#.##.##@###...** .<.#....................** ..####...#.##.##..####..,** ..# ##.##.##.##..# **,,,****** #.# #.##........#*****,,,,,,,* ..#####.#####.###.#,,* *∩_,,,,,* ...<....# #.# *..,,***,,,,,,,* ........#####.###...,**,,,****,* ....................,*,,,**,**,* Turn 2224 on D:3: Second ring of willpower in northeast. ##....# ##.##.##.##..# ##...### ###.#.# #.##........######..... ......#####.#####.###.#..# #∩_... ##.....<....# #.# #...[###..... ###.........#####.###....##...### <........................#...##.# ###...#####...†............)###.. ###..## ######.#####.....## #.# .....# #@# ###..## #.# ###..# #.# #.######.# .....# #.# #..)†.##.. .....# #.# #.###.###. ###### #.# #.# #.# #. #.#######.# #.# #. #.........# #.# #. #######.### #.# #. #.# #.# #. Turn 2306 on D:3: If you want a halberd this early, there is a gnoll with a halberd that spawns on this floor in the southwest area. ... .##...### ....##(#.....## ....#.........# ..............# ##........... #.......... #.......# #....<@# #.........# #...###..#..# ... ####...# . ...# ...# ..# ..# Turn 2341 on D:4: FAOXACW NAKK - identify ... ##...........##...### $..## ...###^.........##(#.....#####..# #...............#.........##..... #........................###..#. ##.......##.............###.## ##....#.###...........#...S#..# .#.....### ##.......#..#....@... .........# ##....<.#).##....... .........######S@....)..##.###### .........##.#..@###..#))###. ...............## ####...##.≈ ................###.......#.≈ ..................<.......#.≈≈ . .......#..................#.§≈ _. .##...##..........#......# ... ..... ##................# ..#.. #.......#........# Turn 2488 on D:4: Edmund has a +2 vorpal dire flail. .. ..#.#### ..#..#.## #.#.....##### .........#..# ###### .......#....###....# #........(...##..).# ........#....##.@..## .......##...###.....## .....##(#.....#####..### .....#.........##......# ...............###..#..## .##.............###.##..# ##...........#....#..#..## ##.......#..#...........#### ##....<.#).##.............# Turn 2589 on D:4: Quarterstaff next to temple entrance.

..#...###....#######....###...#..
.#.....#.......#.#.......#.....#.
#..._..#.._.....#....._..#.._...#
.......#.................#.......
#.....###..........#....###.....#
##...## ##...##...##...###.#...#.
#.....###...####.####...###.....#
.......#.....##...##.....#.......
.._.......#._#..@..#_.#......._..
.......#.....##...##.....#.......
#.....###...####.####...###.....#
.#...#.###...##...##...## ##...##
#.....###....#..........###.....#
.......#.................#.......
#..._..#.._.....#....._..#.._...#
.#.....#.......#.#.......#.....#.
..#...###....#######....###...#..


Turn 2731 on Temple: Temple: Marble hallways. ..#...###....#######....###...#..
.#.....#.......#.#.......#.....#. #..._..#.._.....#....._..#.._...#
.......#.................#....... #.....###..........#....###.....# ##...##
##...##...##...###.#...#. #.....###...####.####...###.....#
.......#.....##...##.....#....... .._.......#._#..@..#_.#......._..
.......#.....##...##.....#....... #.....###...####.####...###.....#
.#...#.###...##...##...## ##...## #.....###....#..........###.....#
.......#.................#....... #..._..#.._.....#....._..#.._...#
.#.....#.......#.#.......#.....#. ..#...###....#######....###...#.. Turn 2773 on
Temple: Not yet appeared: Fedhas, Ru, Xom, Wu Jian, Qazlal
.......#..#...........#### #....<.#).##.............# #......)..##.#########...#
..###..#))###..≈§≈§≈..#..# .## ####...##.≈..§..≈.#.## ..###.......#.≈$≈≈≈.§.#..#
....<.......#.§≈...§§.#..### ............#.≈≈._.≈§.#....###
.....#......#.§≈@..≈≈.###....# ............#.≈.≈≈≈.≈.#.#....#
...#........#.≈....K≈.#......# ....#.......#..≈≈≈≈≈..#..##.##
...##........#########..##### ...(.......... .........# .... .........# #..
.........# ##. .....>..## Turn 2806 on D:4: Kiku altar vault: lava chamber!
##... ..# #.... .. #.... .## #....##.. # #...... ........ ..##[....## ..#.##..
..........##...##...#### .......@....... ....[.## .##..........## ##....#.
.....##.##..#####......# .... #...#.[#>..##...... ... #..#†......#####..< ..
#..##.....#...##..#) . .>.# #######.......#. ..... ##.#.##### .##.# ###.# Turn
2917 on D:4: bubbling red potion - flight ##.........................
.......................... ................#........ #..##......##...##.......
##).. #.......... ##...... #...###..†.#..#.. #...... #..........#.. ##.....
#...##....#...... ##.#.. #.....##.@##..##. ..#.. #.....#........# .
##....#...#...... #....#...##..... ##.†......####.. ###...#...# . # #....##.. #
#....# .## . ###....##... . Turn 2972 on D:4: Natasha seems to initially be in
the southwest. ## ... ....#. #. ..## ##...#. ... ... #. #....## ##.# #.. ...
#...#. #..# .. .... ##..... #..##.#.#...###^..... ### #........#...........
##.## #..@....##.......... #...####....#### ##....... ###....##....####
##....#.## ##.......#..#.##.##.#.....### #..........................#
##..............#..........### ###......[................##.
#.........)................. #..#.##..................... Turn 3007 on D:4: red
potion - curing .......#..................#.§§._.
..##...##..........#......#§≈≈§.. .......###................#.§§§≈≈ .#..#..#
#.......#........#.§.... .#..##.####.......#.......#..≈≈≈≈
#.......####.#...##........###### ##..##.......#...(...............
.....#....##.....#............... #.........##..##@.....#.....#....
##.....##.#....###...###....#.... .####..#....#.####...#........... ..#
##.........##....#........... ..# ##.##......#.......#..#....##
.####..##.........###..#..#...### ........#.........##...#..#####
......†.........#.#......## ##...#.##..##.###.......## Turn 3138 on D:4: Pretty
open floor, but a bit less than D:2. .#......#§≈≈§..≈§.###....#
........#.§§§≈≈†≈.#.#....# ........#§≈.....≈.#......# #.......#..≈≈≈≈≈..#..##.##
#........#########..##### ....................# ....................#
....#.....#.........# ...###....#.....@..## ...#.............###
...#.............# .....#..#....##.## ###..#..#...##### ##...#..##### #......##
......## ......## Turn 3157 on D:4: fizzy blue potion - invisibility
....#.########.#.# #. .................#####. ..........#####.#..... #.......#
#.#..... #.......# #.#..... #.......#####.#..... ##..........#.#.....
#####.####.###.#.#..... #.....@.##.# #^#.#.<... #.......##.# #.#.######
#.......##.# #.#....... #.......##.# #.#######. #.......##.# #.# #. #......<##.#
#.#######. #.......##.# #......... #.......##.# #.########
##########.############ Turn 3282 on D:5: Alarm trap in looping hallway near
howler monkey skeleton. ### ########.# #........# ###.####.####################
#.##....))@................ # ###'##...#################### # #....#...# #######
#####....#...##### #..K... .........#...#.... ###.##### .........#.......
#)))..... .............#.# #)#.#.... ...............# #.#...... ...............#
#.#...... Turn 3710 on D:5: Kobold band in the east has two electrical whips,
including one on a kobold brigand. ##'##...####################.# # ....#...#
#######.#.## ....#...####### #........... ....#...#...... ###.##########
....#.......##.#####))).......... ........#.#.......##)#.#.........
..........#.......##.#..........# ..........#.......##.#...........
##........#.....@.##)#....#####.# ......#...#.......##.#...... #
..........#.......##.#.....## ......##..#.......##.#......
########..#.......##.#.#..... #..#.##................ #..#.......##.#......
#.................... ########.##.......##.#...... Turn 3757 on D:5: Book of
minor magic #.# #########.# ###########.........# ..........#.#######.#
#########.#.# #.# ## #######.#.#######.#######.# #...............#.........#
###.############.#######.#..# #)))............@...........#
#)#.#............#######....# #.#..........###.# #....## #.#........... ...
#.....# #)#....#####.# #.## #.....# #.#...... # .....####.....#### #.#.....##
.................. #.#...... ...<........#.###. #.#.#..... ..............#. Turn
4021 on D:5: Phantom in eastern area. ...##)#.#............#######....#
...##.#..........###.#######....# ...##.#....................#.....
...##)#....#####.#.#.##.####..... ...##.#........#.#......####.....
...##.#.....##.#................. ...##.#..........#....<........#.
...##.#.#........................ ................@..........#.....
...##.#...............####.#..### .......................# #.#.##
...##.#..........##....###.#.#### ....#.#..........##....#.........
....................#.##.#.#.#### ###.#.##......)...###.##.#.#..#
......................##.#.##.# ###.#.#......####......#.#.##.# Turn 4127 on
D:5: Antimagic long sword. ##.# #. .. ..# ##.. #>#.# #.# ....##.#. ##.#######
......#.##......... #..........####### .....#.....# ##.###)#.#.....
#.....@.#..### #.###.###..# #..........# ############ Turn 4164 on D:6: VORCHO
ZAAF - holy word ...........# #.#.## #.# .....##....###.#.#######.###
.....##....#...............# ........#.##.#.#.#######.#.# ..)...###.##.#.#..#
#.#.# ..........##.#.##.# #.#.# .####......#.#.##.# #.#.#
...............##.######.#.## ................@...........#
##....####.#...............## ##....####.####............#
#.............#.#.########.# #.....####.##.#.#.# #.# #.....####......#.# #.#
#........####.###.# #.# #........# #.# #.# #.# #........# #.# #.# #.# Turn 4191
on D:5: D:6 uphatch seems okay for the escape. #.. ### #.# ..## #.. #... #.#
#..# ##.# #.n# #. ... ..# #@###..##>#.# #.# #.##.###......##.#. ##.##
#......<.........#.##.... ##########.##..........## ... .....#.....
######.###)#.#. #.....<.#. #.###.###. #......... Turn 4212 on D:6: Necrophage. #
### ## ######.## # #.# ........## .#... ########.# #.#.# ###.# #+ #.#.#
#...###.# #@#.# #..##.... ##..## #...#..⌠. #...# ######..###... ##...#
.........###..##.#..# .########.###.#.##..# >..# ##.###.###..# ## ...####
##...## #..# .. ......# ##########..## .# Turn 4450 on D:6: D:6 has some
elaborate stone wall vault. .. . . .## #.# #.# #.# #@# #.# . ### #.# .#
#.###########.# #.#...(.........## #.#.#########.## #.#.# #.# #.#.# #.# ##..##
#.# Turn 4681 on D:6: Amulet of guardian spirit in eastern hallway. ...## #≈⌠.
#..# #.## #... ≈#≈ ##.# #.# ≈.⌠# ..# #.# #.# .K≈S≈#≈≈ #.# #.# ###⌠#.#.#≈ #.# #.#
#.##≈≈# .⌠##.# #.# #.^≈.#.###⌠#.# #.# #_..!≈...^...# #.# #≈..⌠.@..#### #.#
#....##..## ..# #o≈###^..#.# ### #.!#≈.##†≈⌠# ###########...≈##...#
#........##.≈.#..#.## #.###########≈≈.⌠.## #.# #.#≈.## #.# ##### Turn 4759 on
D:6: Wacky Xom vault. #.###.##......### #.#....#)...#.#.###........
#.#.#...#####....##....... #.#.##...###.....#....... #...###....##.).........# #
###.##.#...#............# .## #.##.#....#...........##..#...
#.##.###.##....##.....#...#... #.###..).##...@###)8##8...8.#8. #.#
#..###..#.#..#.##.........# #.# #..##..........#.........#. #.#
#..##...................... #.# #...#8........8#.........# #.#
#...#####..######8.....8### #.# ##.#.##.######.###.....###. ##.##
##.............###...#.#.. #...# ###.##########.##8.8##.#. Turn 5041 on D:6:
Pikel carries a wand of flame. #.#####.###.##### #.# ##.......## #.# ##..###.##
##.## ##........ #####.#.#####.#....... #....###.#...###......
#...####....#.#...###. #....##..#####......## ##.##@..#.8..##.......
#.###.##......#....## #.##.##8......##..... #.##.#.........######
#.##.#........## # #.###.##......### ### #.#....#)...#.#.###..
#.#.#...#####....##.. #.#.##...###.....#... Turn 5189 on D:6: This floor has
gnoll and orc groups, including a gnoll shaman for one gnoll group. One orc
group has multiple wizards. #.# #...#####..######8.... #.#
##.#.##.######.###.... ##.## ##.............###... #...# ###.##########.##8.8
##.## #.# ###.###'# #.# #.# #...###.# #.# #.# #..##.... #.## #.# #...#..⌠. #..#
##@########..###... ##..#####...#.........###.. #.........#...########.###.
#....####....>..# ##.### #.#..# ##......#### ##... #.#..# #..)......# ######
#.#..# #.#...###.# #....5 #.#..#####.#...# #.# #.#### #.#...K.##.#...# #.#
#..... Turn 5216 on D:6: fizzy yellow potion - lignification #.#
#...#####..######8.... #.# ##.#.##.######.###.... ##.## ##.............###...
#...# ###.##########.##8.8 ##.## #.# ###.###'# #.# #.# #...###.# #.# #.#
#..##.... #.## #.# #...#..⌠. #..# ##@########..###...
##..#####...#.........###.. #.........#...########.###. #....####....>..# ##.###
#.#..# ##......#### ##... #.#..# #..)......# ###### #.#..# #.#...###.# #....5
#.#..#####.#...# #.# #.#### #.#...K.##.#...# #.# #..... Turn 5217 on D:6: yellow
potion - mutation .. . .# ..## . #... ...######..# #........# #.@# #...# ....#..
#.######.. .## ## Turn 5220 on D:7: ZUIHOK WOTUQAU - fear #...# ###.#.# .#
#...#.###..# ..###.....####.. .##....###..... ## .##.##.....# .# .#..####..##
####.# ...## #..### #....###.# .### ##....###.@......# .######..##........##..#
........#######....##.. ####[<### #####......<.. ###...#####.....##..#<..
....#.......##### #.# #. ######.....># .# .......####...# .. ...##### ###...# ..
Turn 5300 on D:7: +2 ring mail of cold resistance ### ... ##. ##.. ...###..
.#...#.# .# #.#.# ####### .# #...## ###.....# # #)...###...###.# #
##.##.....#####.# ###..#####.## #@.# ....####....# #.## .###.....##.## #.#
.....######..# #.# ##..## ####.# #.# #..### #....###.# ##....###........#
#..##........##..# ..#######....##.... Turn 5345 on D:7: rapier .....####....#
#.## ..###.....##.## #.# #.....######..# #.# ###..## ####.# #.# #..###
#....###.# ##....###........# ##..##........##..##### ...#######....##......#
<### #####......@.....# .#####.....##..## #.#......... ..####...# ...........
### ###...# .......... . ##..# ....!$... ... .# ##........ ## . Turn 5354 on
D:7: First ogre. #.....#.......#.#.......#....###.
##.).........#..##.......)...##.. #............##.##...........##..
.#...........##..#......#....##.. ##....##.....#...#...........##..
##....###)8##8...8.#8.####)).#### #..#.#..#.##.........#######'####
..........#......)..#..........## ................@..............##
8........8#.........#8........8## ####..######8.....8####.##.##.###
##.######.###.....###.########### ...........###...#.#...(.........
.##########.##8.8##.#.#########.# .# ###.###'###.#.# #.# .# #...###.#.#.#.# #.#
.# #..##....###..## #.# Turn 5360 on D:6: First ogre slain with ease. #.#
##.#.##.######.###.....###.# ##.## ##.............###...#.#... #...#
###.##########.##8.8##.#.# ##.## #.# ###.###'###.#.# #.# #.# #...###.#.#.#.# #.#
#.# #..##....###..# #.## #.# #...#..⌠..##... #..# ##>########..###...###...
##..#####...#yyy@.....###..##.#.. #.........#...########.###.#)##..
#....####.y..>..# ##.###.###.. #.#..# ##......#### ##...## #.. #.#..#
#..)......# ##########.. #.#..# #.#...###.# #....5...... #.#..#####.#...# #.#
#.#######.#. #.#...K.##.#...# #.# #........... #.##.##........# #.# #.######.#..
Turn 5399 on D:6: Oh yeah. There are killer bees on D:6 too! .......##...
##.####........ .......# ## #≈≈≈#............. .......# #≈_≈###...........
#####.## #...#............. #.# #.≈.####.......... #...#.............
#.≈.#............. #...#............. #@≈.#.....#....... ##...#......#......
#≈.≈.≈........#.### #.≈.≈......##...# #..)#......###### #..........#
############ Turn 5503 on D:7: Great mace before Ru bloody lava hallway vault. #
##.......##. ##. #.......### #..> #.......# ..#.####### ######.## ..........##
#.#### ...........########..... ............†........### ..)..........#########
# .......@....## ............... (...........### ...........## .....[....##
########### Turn 5594 on D:7: Vampire's Tooth in the shop #..#####.# #.#
#.......# #.. ### #...# #). ##..# ###.#.# ##.# #.... ##...#.###..# #_.⌠.#
#..###.....## #.....#####.##....###.. #o...#..##.##.##.....#
#8...@..##.#..####..## #.o..#..#....## #..## #.....#.....### ##....
#_oo.##.....######..##. #o...###.##........#### #####..##...######[<### ##
#...### #########...#####. #.### #.....#....... ##.# #########.######.....> Turn
5671 on D:7: First orc warrior in altars vault. #..#####.# #.#.# #.......#
#...## # #### #...# #)...### ##..## ###.#.# ##.##.... #....# ##...#.###..#####.
#_.⌠.## #..###.....####... #.....#####g##....###.....##
##....#..##.##.##.....###### #8...+..##@#..####..## ### ##....#..#....## #..###
#.. #.....#.....### ##....###.. #_.⌠.##...).######..##......
#....###.##.)).....#######.. #####..##...######[<### #####..
#...#############...#####.....# #.### #.....#.......##### ##.#
#########.######.....>### Turn 5739 on D:7: Gnoll sergeant. . ...
.....########### .......@......§# .....########### ... # Turn 5900 on D:8:
DIPERU HINTELI - blinking

Levels and vault maps discovered:
D:1:      minmay_arrival_shattered_statue, layout_loops_corners,
          hangedman_decor_points, chequers_decorated_corner
D:2:      layout_basic, grunt_ministairs_7, minmay_heptomino_o4, uniq_robin
D:3:      layout_loops_ring, hellmonk_ecumenical_altar_crossroads, st_stairs_14
D:4:      layout_cave_pools, mainiacjoe_overflow_paths,
          minmay_temple_entry_offerings, uniq_edmund, uniq_natasha
D:5:      layout_basic, chequers_serial_rivers_micro_e,
          chequers_serial_rivers_micro_e
D:6:      hellmonk_crumbling_castle, layout_loops_ring, tgw_xom, uniq_pikel
D:7:      layout_rooms, nicolae_ru_path_of_blood,
          gammafunk_temple_overflow_pools, serial_shops, shop
D:8:      layout_basic, uniq_grum, uniq_maggie, uniq_maurice, uniq_erica
Temple:   eino_temple_scatter_basement

Skill      XL: |  1  2  3  4  5  6  7  8  9 |
---------------+----------------------------+-----
Staves         | 3 4 5 6 8 9 |  9.3
Stealth        | 1 2 3 |  3.0
Fighting       | 2 3 4 |  4.8
Dodging        | 3 |  3.0
Armour         | 1 2 3 4 |  4.6
Throwing       | |  1.7
Invocations    | |  0.5

Action                   |  1- 3 |  4- 6 |  7- 9 || total
-------------------------+-------+-------+-------++-------
Melee: Quarterstaff      |    57 |   126 |   379 ||   562
       Bite              |     9 |    24 |   118 ||   151
Throw: Throwing net      |       |     1 |     3 ||     4
       Dart              |       |       |     5 ||     5
  Use: Scroll            |     3 |     2 |     9 ||    14
       Potion            |       |       |     2 ||     2
 Stab: Sleeping          |       |     2 |       ||     2
       Held in net/web   |       |     1 |     2 ||     3
Armor: Leather armour    |    23 |    33 |       ||    56
       Plate armour      |       |    55 |   168 ||   223
       Ring mail         |       |       |    38 ||    38
       Skin              |       |       |     7 ||     7
Dodge: Dodged            |    27 |    52 |   113 ||   192
